 Dungeon Crawl Stone Soup version 0.28-a0-1638-g9123634e07 (webtiles) character file.

Game seed: 15946718789046355984

14 kae the Ruffian (level 2, -2/23 HPs)
             Began as a Draconian Transmuter on Jan 25, 2022.
             Slain by a kobold (5 damage)
             ... on level 1 of the Dungeon.
             The game lasted 00:00:10 (307 turns).

kae the Ruffian (Draconian Transmuter)               Turns: 307, Time: 00:00:11

Health: -2/23      AC:  4    Str: 12    XL:     2   Next: 27%
Magic:  5/5        EV: 12    Int: 13    God:
Gold:   21         SH:  0    Dex: 11    Spells: 4/5 levels left

rFire   . . .      SeeInvis .     - Unarmed
rCold   . . .      Faith    .   (no shield)
rNeg    . . .      Spirit   .   (armour unavailable)
rPois   .          Reflect  .   (helmet restricted)
rElec   .          Harm     .   (no cloak)
rCorr   .          Rampage  .   (no gloves)
Will    .....                   (no boots)
Stlth   +.........              (no amulet)
HPRegen 0.07/turn               (no ring)
MPRegen 0.09/turn               (no ring)

@: no status effects
A: AC +4, unfitting armour, cold-blooded
a: no special abilities


You were on level 1 of the Dungeon.
You visited 1 branch of the dungeon, and saw 1 of its levels.

You collected 21 gold pieces.

Inventory:

Jewellery
 b - a ring of resist corrosion
Potions
 a - a potion of might {unknown}


   Skills:
 + Level 1.2 Fighting
 + Level 1.9 Dodging
 * Level 3.3 Unarmed Combat
 + Level 2.1 Spellcasting
 * Level 2.3 Transmutations


You had 4 spell levels left.
You knew the following spells:

 Your Spells              Type           Power      Damage    Failure   Level
a - Beastly Appendage     Tmut           14%        N/A       10%         1

Your spell library contained the following spells:

 Spells                   Type           Power      Damage    Failure   Level
 Wereblood                Tmut           7%         N/A       14%         2
 Spider Form              Tmut/Pois      4%         N/A       43%         3
 Ozocubu's Armour         Ice            1%         N/A       58%         3
 Ice Form                 Ice/Tmut       4%         N/A       83%         4
 Metabolic Englaciation   Hex/Ice        0%         N/A       100%        5
 Simulacrum               Ice/Necr       0%         N/A       100%        6


Dungeon Overview and Level Annotations

Branches:
Dungeon (1/15)

Altars:


Innate Abilities, Weirdness & Mutations

Your plain brown scales are hard. (AC +4)
You cannot fit into any form of body armour.
You are cold-blooded and may be slowed by cold attacks.


Message History

You hit the jackal. You tail-slap the jackal.
You kill the jackal!
You have reached level 2!
You hit the hobgoblin. You claw the hobgoblin.
You kill the hobgoblin!
The jackal misses you. The jackal bites you.
Things that are here:
a hobgoblin corpse; a jackal corpse You miss the jackal.
Your headbutt misses the jackal.
The jackal bites you but does no damage.
You closely miss the jackal. Your kick misses the jackal.
Your headbutt misses the jackal. The jackal closely misses you.
You hit the jackal. Your kick misses the jackal.
The jackal is moderately wounded.
The jackal closely misses you. x2
You hit the jackal. Your kick misses the jackal.
The jackal is almost dead.
The jackal bites you.
You miss the jackal. You headbutt the jackal.
You kill the jackal!
You barely miss the goblin. Your kick misses the goblin.
Your horns disappear.
Your talons disappear.
The goblin hits you with a +0 dagger.
* * * LOW HITPOINT WARNING * * *
You completely miss the goblin. The goblin closely misses you.
You hit the goblin.
You kill the goblin!
You hit the rat.
The rat is severely wounded.
The rat barely misses you.
You hit the rat.
You kill the rat!
You closely miss the kobold. The kobold misses you.
You miss the kobold.
The kobold hits you with a +0 short sword.
* * * LOW HITPOINT WARNING * * *
You closely miss the kobold. The kobold hits you but does no damage.
You completely miss the kobold.
Your tail-slap misses the kobold.
The kobold hits you with a +0 short sword.
You die...

.. ....#
#.##.... #
..#...## ##.
...... #.# ####
#...# ... ..#
..#.##...# #.#
#.#.# #....†..##
#.# #.# #.#
#...###.###.#
#.####
#.#.K@.....##
##....
#..$###..##.##
##.###. #......
#..###.###.####.
#.#.##...(.#
##.#....##.
...... .....#
##.###.##.
###.###...#.#
### #.##. #.
##.##.# #.##. #.
#.# #.##. #.##.


You could see a kobold.

Vanquished Creatures
  An endoplasm (D:1)
  A giant cockroach (D:1)
  2 goblins (D:1)
  A hobgoblin (D:1)
  3 jackals (D:1)
  A bat (D:1)
  A frilled lizard (D:1)
  2 rats (D:1)
12 creatures vanquished.

Vanquished Creatures (others)
  3 plants (D:1)
3 creatures vanquished.

Grand Total: 15 creatures vanquished

Notes
Turn   | Place    | Note
-------+----------+-------------------------------------------
     0 | D:1      | kae the Draconian Transmuter began the quest for the Orb.
     0 | D:1      | Reached XP level 1. HP: 16/16 MP: 3/3
   292 | D:1      | Reached XP level 2. HP: 12/23 MP: 3/5
   307 | D:1      | Slain by a kobold

Illustrated notes

Levels and vault maps discovered:
D:1:      roderic_crop_circles_arrival_small, layout_loops_ring,
          ebering_ecumenical_altar_webs, hangedman_decor_clover_reticule,
          minmay_indecisive_spiral

Action                   || total
-------------------------++-------
Melee: Unarmed           ||    33
       Punch             ||     2
       Kick              ||     2
       Headbutt          ||     2
       Tailslap          ||     1
 Cast: Beastly Appendage ||     5
Armor: Skin              ||     8
Dodge: Dodged            ||    34

Table legend: (Time is in decaauts)
 A = Elapsed time spent in this place.
 B = Non-inter-level travel time spent in this place.
 C = Inter-level travel time spent in this place.
 D = Time resting spent in this place.
 E = Time spent auto-exploring this place.
 F = Levels seen in this place.
 G = Mean time per level.
                   A        B        C        D        E       F      G
               +--------+--------+--------+--------+--------+-----+--------+
         Total |    305 |    305 |      0 |      0 |    235 |   1 |  305.0 |
       Dungeon |    305 |    305 |      0 |      0 |    235 |   1 |  305.0 |
               +--------+--------+--------+--------+--------+-----+--------+

Top non-repeatable levels by time:
     D:1: 305 daAuts
